 Dungeon Crawl Stone Soup version 0.29.1-13-g9f3cf754e1 (webtiles) character file.

Game seed: 5843047349681928545

626 xian the Chopper (level 7, 0/90 HPs)
             Began as a Purple Draconian Berserker on Feb 12, 2023.
             Was a Believer of Trog.
             Slain by a jelly (3 damage)
             ... on level 4 of the Dungeon.
             The game lasted 00:07:35 (3119 turns).

xian the Chopper (Purple Draconian Berserker)       Turns: 3119, Time: 00:07:36

Health: 0/90       AC: -1    Str: 22    XL:     7   Next: 23%
Magic:  7/7        EV: 13    Int:  7    God:    Trog [**....]
Gold:   138        SH:  0    Dex: 10    Spells: 6/6 levels left

rFire   . . .      SeeInvis .   a - +0 hand axe
rCold   . . .      Faith    .   (no shield)
rNeg    + . .      Spirit   .   (body armour unavailable)
rPois   .          Reflect  .   (helmet restricted)
rElec   .          Harm     .   B - +0 cloak
rCorr   .          Rampage  .   (no gloves)
Will    +....                   (no boots)
Stlth   ..........              d - amulet of regeneration
HPRegen 1.05/turn               o - ring of positive energy
MPRegen 0.10/turn               (no ring)

@: berserking, corroded, very quick
A: breathe power, AC +6, unfitting armour, cold-blooded
a: Breathe Dispelling Energy, Renounce Religion, Berserk, Trog's Hand


You were on level 4 of the Dungeon.
You worshipped Trog.
Trog was pleased with you.
You visited 1 branch of the dungeon, and saw 4 of its levels.

You collected 146 gold pieces.
You spent 8 gold pieces at shops.

Inventory:

Hand Weapons
 a - a +0 hand axe (weapon)
Missiles
 b - 20 stones (quivered)
 j - 15 poisoned darts
 l - 5 boomerangs
Armour
 B - a +0 cloak (worn)
Jewellery
 d - an amulet of regeneration (around neck)
 g - an amulet of magic regeneration
 o - a ring of positive energy (left hand)
 z - a ring of poison resistance
Wands
 w - a wand of mindburst (4)
Scrolls
 c - a scroll of enchant armour {unknown}
 e - 2 scrolls of teleportation {unknown}
 f - 3 scrolls of identify {unknown}
 m - 2 scrolls of fear {unknown}
 n - 2 scrolls of blinking {unknown}
 r - 2 scrolls of immolation {unknown}
 s - a scroll of noise {unknown}
 t - a scroll of enchant weapon {unknown}
 v - a scroll of silence {unknown}
 y - a scroll of magic mapping {unknown}
Potions
 h - a potion of cancellation {unknown}
 i - a potion of berserk rage {unknown}
 k - a potion of mutation {unknown}
 p - a potion of ambrosia {unknown}
 q - 4 potions of curing {unknown}
 u - a potion of brilliance {unknown}
 x - a potion of flight {unknown}
 A - a potion of attraction {unknown}


   Skills:
 + Level 4.9 Fighting
 + Level 6.0 Axes
 + Level 1.0 Throwing
 + Level 4.6 Dodging
 + Level 1.4 Stealth


You had 6 spell levels left.
You didn't know any spells.
Your spell library contained the following spells:

 Spells                   Type           Power      Damage    Failure   Level
 Slow                     Hex            0%         N/A       43%         1
 Ensorcelled Hibernation  Hex/Ice        0%         N/A       56%         2
 Passwall                 Tmut/Erth      0%         N/A       56%         2
 Static Discharge         Conj/Air       0%         3-3/arc   56%         2
 Confusing Touch          Hex            0%         N/A       80%         3
 Swiftness                Air            0%         N/A       80%         3
 Vampiric Draining        Necr           0%         2d6       80%         3
 Dispel Undead            Necr           0%         3d6       99%         4
 Sticky Flame             Conj/Fire      0%         2d3       99%         4


Dungeon Overview and Level Annotations

Branches:
Dungeon (4/15)
 Temple: D:4-7

Altars:
Elyvilon
Makhleb

Shops:
D:2 (


Innate Abilities, Weirdness & Mutations

You can breathe bolts of dispelling energy.
Your rich purple scales are hard. (AC +6)
You cannot fit into any form of body armour.
You are cold-blooded and may be slowed by cold attacks.


Message History

You hit the quokka.
You kill the quokka!
Trog accepts your kill.
You see here a quokka corpse.
The jelly misses you. The jelly hits you but does no damage.
You slash the jelly!
Your hands burn!
The jelly is heavily wounded.
The jelly hits you but does no damage.
You hit the jelly. The acid corrodes you!
Your hands burn!
You tail-slap the jelly, but do no damage.
The jelly is heavily wounded.
The jelly hits you.
You are splashed with acid!
You hit the jelly. The acid corrodes you!
Your hands burn!
You tail-slap the jelly, but do no damage.
The jelly is severely wounded.
The jelly hits you.
You are splashed with acid!
You hit the jelly but do no damage.
Your hands burn!
You tail-slap the jelly, but do no damage.
The jelly is severely wounded.
The jelly closely misses you.
You hit the jelly but do no damage.
Your hands burn!
You tail-slap the jelly, but do no damage.
The jelly is severely wounded.
The jelly barely misses you.
You hit the jelly.
Your hands burn!
The jelly is almost dead.
The jelly hits you.
You are splashed with acid!
* * * LOW HITPOINT WARNING * * *
You hit the jelly but do no damage.
Your hands burn!
* * * LOW HITPOINT WARNING * * *
The jelly is almost dead.
The jelly hits you.
* * * LOW HITPOINT WARNING * * *
You are splashed with acid!
* * * LOW HITPOINT WARNING * * *
Okay, then.
A red film seems to cover your vision as you go berserk!
You feel yourself moving faster!
You feel mighty! The jelly hits you.
You die...

##..#.§§§§≈§..#
#.##.≈.....§.#
#...#.§.≈≈≈.≈.#
#..##.≈≈...≈≈.#
#...#.≈§._.≈≈.#
....#.≈§.†.≈≈.#
.#..##.≈.≈≈§.≈.#
#.§.....≈J#
#..≈≈≈≈≈.@#
#.#########..#
... ### ##


You could see a jelly.

Vanquished Creatures
  A black bear (D:4)
  2 scorpions (D:4)
  A wight (D:4)
  An orc priest (D:3)
  3 hounds (D:4)
  2 iguanas
  Ijyb (D:4)
  4 gnolls
  4 adders
  3 worms
  A dart slug (D:3)
  7 orcs
  8 ball pythons
  3 endoplasms
  2 giant cockroaches (D:1)
  9 goblins
  9 hobgoblins
  4 jackals (D:3)
  3 quokkas
  8 bats
  3 frilled lizards
  5 kobolds
  3 rats (D:1)
87 creatures vanquished.

Vanquished Creatures (others)
  4 fungi (D:1)
  2 plants (D:1)
6 creatures vanquished.

Grand Total: 93 creatures vanquished

Notes
Turn   | Place    | Note
-------+----------+-------------------------------------------
     0 | D:1      | xian the Draconian Berserker began the quest for the Orb.
     0 | D:1      | Reached XP level 1. HP: 19/19 MP: 1/1
    88 | D:1      | Reached XP level 2. HP: 26/26 MP: 2/2
   673 | D:1      | Found a faded altar of an unknown god.
   788 | D:2      | Found a white marble altar of Elyvilon.
   802 | D:2      | Reached XP level 3. HP: 33/33 MP: 3/3
   858 | D:2      | Found Kexat's Weapon Shoppe.
   862 | D:2      | Bought 7 stones for 8 gold pieces
  1664 | D:3      | Reached XP level 4. HP: 40/40 MP: 4/4
  1839 | D:3      | Reached skill level 4 in Axes
  1972 | D:3      | Reached ** piety under Trog
  2056 | D:3      | Reached XP level 5. HP: 46/46 MP: 5/5
  2453 | D:4      | Noticed Ijyb
  2463 | D:4      | Killed Ijyb
  2464 | D:4      | Reached skill level 1 in Stealth
  2745 | D:4      | Reached skill level 5 in Axes
  2745 | D:4      | Reached XP level 6. HP: 50/53 MP: 6/6
  2816 | D:4      | Reached skill level 1 in Throwing
  2908 | D:4      | Your scales start taking on a rich purple colour.
  2908 | D:4      | Reached XP level 7. HP: 60/60 MP: 7/7
  2966 | D:4      | Reached skill level 6 in Axes
  3087 | D:4      | Found a burning altar of Makhleb.
  3118 | D:4      | HP: 1/60 [acid (7)]
  3119 | D:4      | Slain by a jelly

Illustrated notes

Levels and vault maps discovered:
D:1:      minmay_arrival_three_doors, layout_basic,
          shapermc_ecumenical_altar_petra, minmay_misc_feat_secret_circle
D:2:      layout_loops_ring, serial_shops, shop, serial_forest,
          infiniplex_forest_straight_1, infiniplex_forest_clump_double,
          infiniplex_forest_lined_2, infiniplex_forest_clump_small,
          infiniplex_forest_end_2, infiniplex_forest_clump_medium,
          infiniplex_forest_end_3, basic_altar, minmay_pentomino_s2
D:3:      layout_loops_ring, minmay_unequal
D:4:      cheibrodos_barr_body, layout_loops_cross, mainiacjoe_overflow_paths,
          uniq_natasha, uniq_ijyb

Skill      XL: |  1  2  3  4  5  6  7 |
---------------+----------------------+-----
Dodging        | 3 4 |  4.6
Fighting       | 4 |  4.9
Axes           | 4 5 6 |  6.0
Stealth        | 1 |  1.4
Throwing       | 1 |  1.0

Action                   |  1- 3 |  4- 6 |  7- 9 || total
-------------------------+-------+-------+-------++-------
Melee: Hand axe          |   103 |   153 |    28 ||   284
       Tailslap          |    10 |    23 |     7 ||    40
       Punch             |       |     2 |       ||     2
Throw: Stone             |       |    28 |       ||    28
Invok: Berserk           |     1 |     5 |     1 ||     7
       Trog's Hand       |       |     3 |       ||     3
 Abil: Breathe Dispellin |       |       |     2 ||     2
Armor: Skin              |    32 |    65 |    12 ||   109
Dodge: Dodged            |    66 |   130 |    23 ||   219
